 Dungeon Crawl Stone Soup version 0.30.0-29-ga12c61a403 (webtiles) character file.

Game seed: 12296483715894552132

39 ionbeam3 the Conjurer (level 3, -9/31 HPs)
             Began as a Draconian Conjurer on June 15, 2023.
             Was a Follower of Fedhas.
             Mangled by Terence
             ... wielding a +7 mace of protection
              (12 damage)
             ... on level 2 of the Dungeon.
             The game lasted 00:04:15 (1932 turns).

ionbeam3 the Conjurer (Draconian Conjurer)          Turns: 1932, Time: 00:04:15

Health: -9/31      AC:  6    Str:  9    XL:     3   Next: 28%
Magic:  1/6        EV: 12    Int: 18    God:    Fedhas [*.....]
Gold:   108        SH:  0    Dex: 11    Spells: 3/6 levels left

rFire   . . .        b - +0 spear
rCold   . . .        (no shield)
rNeg    . . .        (body armour unavailable)
rPois   .            (helmet restricted)
rElec   .            f - +0 cloak
rCorr   .            (no gloves)
SInv    .            (no boots)
Will    .....        (no amulet)
Stlth   ++           (no ring)
HPRegen 0.25/turn    (no ring)
MPRegen 0.10/turn

%: no passive effects
@: no status effects
A: AC +5, unfitting armour, cold-blooded
a: Renounce Religion


You were on level 2 of the Dungeon.
You worshipped Fedhas.
Fedhas was aware of your devotion.
You visited 1 branch of the dungeon, and saw 2 of its levels.

You collected 108 gold pieces.

Inventory:

Hand Weapons
 b - a +0 spear (weapon)
Missiles
 c - 2 throwing nets
Armour
 f - a +0 cloak (worn)
Scrolls
 d - a scroll of brand weapon {unknown}
 g - a scroll of blinking {unknown}
 h - a scroll of identify {unknown}
 i - a scroll of fear {unknown}
Potions
 a - a potion of magic
 e - 5 potions of curing {unknown}
 j - a potion of attraction {unknown}


   Skills:
 + Level 3.3 Fighting
 - Level 1.7 Dodging
 - Level 1.7 Stealth
 - Level 2.0 Spellcasting
 - Level 4.0 Conjurations


You had 3 spell levels left.
You knew the following spells:

 Your Spells              Type           Power      Damage    Failure   Level
a - Magic Dart            Conj           64%        1d6       3%          1
b - Searing Ray           Conj           32%        2d5       5%          2

Your spell library contained the following spells:

 Spells                   Type           Power      Damage    Failure   Level
 Dazzling Flash           Conj/Hex       18%        N/A       24%         3
 Fulminant Prism          Conj/Hex       4%         3d5       61%         4
 Iskenderun's Mystic Bla  Conj/Tloc      9%         2d4       61%         4


Dungeon Overview and Level Annotations

Branches:
Dungeon (2/15)

Altars:
Fedhas

Annotations:
D:1 1 exclusion
D:2 Terence


Innate Abilities, Weirdness & Mutations

Your plain brown scales are hard. (AC +5)
You cannot fit into any form of body armour.
You are cold-blooded and may be slowed by cold attacks.


Message History

The magic dart hits Terence but does no damage.
Terence misses you.
The magic dart hits Terence.
Terence is lightly wounded.
Terence asks, "Do you want it fast or slow?"
Terence hits you with a +7 mace of protection.
You hit Terence but do no damage.
You tail-slap Terence, but do no damage.
Terence is lightly wounded.
Terence misses you.
You closely miss Terence.
Terence is lightly wounded.
Terence hits you but does no damage.
You hit Terence but do no damage.
Terence is lightly wounded.
Terence hits you but does no damage.
You hit Terence.
Terence is moderately wounded.
Terence hits you with a +7 mace of protection!
* * * LOW HITPOINT WARNING * * *
You are too injured to fight recklessly!
You are too injured to fight recklessly!
You are too injured to fight recklessly!
You are too injured to fight recklessly!
You are too injured to fight recklessly!
You are too injured to fight recklessly!
You are too injured to fight recklessly!
You hit Terence but do no damage.
You tail-slap Terence, but do no damage.
Terence is moderately wounded.
Terence hits you with a +7 mace of protection.
* * * LOW HITPOINT WARNING * * *
You hit Terence but do no damage. You tail-slap Terence.
Terence is moderately wounded.
Terence barely misses you.
You hit Terence but do no damage.
Terence is moderately wounded.
Terence hits you with a +7 mace of protection!
You die...
Fedhas appreciates your contribution to the ecosystem.

#.###.# ..# #.#...# #.#
#.#.### #.# #.#r# #.#
#.#.# #.# #<#.# #(#
#.#.## #.#
#....###########
##.###..#...r@@.....#
###.#.###...#########.#
#..###.....## #.#
#.#.#.###### #.#
#.##.## #.# ..##.# #.#
####(# #.#
##.################.#
###...................#


You could see Terence and a rat.

Vanquished Creatures
  An adder (D:2)
  A ball python (D:1)
  5 bats
  3 endoplasms (D:1)
  3 giant cockroaches
  2 goblins (D:1)
  6 hobgoblins (D:1)
  A kobold (D:1)
  2 frilled lizards
  3 rats
27 creatures vanquished.

Notes
Turn   | Place    | Note
-------+----------+-------------------------------------------
     0 | D:1      | ionbeam3 the Draconian Conjurer began the quest for the
                  | Orb.
     0 | D:1      | Reached XP level 1. HP: 14/14 MP: 3/3
   131 | D:1      | Reached skill level 1 in Fighting
   154 | D:1      | Found a faded altar of an unknown god.
   182 | D:1      | Prayed at the altar of an unknown god.
   182 | D:1      | Became a worshipper of Fedhas Madash
   182 | D:1      | Reached * piety under Fedhas
   292 | D:1      | Reached XP level 2. HP: 23/24 MP: 5/5
   351 | D:1      | Learned a level 2 spell: Searing Ray
  1591 | D:2      | Reached XP level 3. HP: 31/31 MP: 2/6
  1864 | D:2      | Noticed Terence
  1932 | D:2      | Mangled by Terence

Illustrated notes

Levels and vault maps discovered:
D:1:      matt_arrival_refuge, layout_basic, chequers_ecumenical_altar_island
D:2:      layout_loops_ring, uniq_terence, uniq_crazy_yiuf_cottage

Skill      XL: |  1  2 |
---------------+-------+-----
Fighting       | 1 3 |  3.3
Dodging        | |  1.7
Stealth        | |  1.7
Spellcasting   | |  2.0
Conjurations   | |  4.0

Action                     || total
---------------------------++-------
  Melee: Spear             ||    25
         Tailslap          ||     3
   Cast: Magic Dart        ||    66
 Armour: Skin              ||     8
  Dodge: Dodged            ||    20
